 Dungeon Crawl Stone Soup version 0.31-a0-960-g0fca184906 (webtiles) character file.

Game seed: 6644882460758794253

1059 Bnni the Vexing (level 8, -7/40 HPs)
             Began as a Spriggan Hexslinger on Oct 23, 2023.
             Was an Initiate of Fedhas.
             Killed from afar by a steam dragon (26 damage)
             ... with a ball of steam
             ... on level 6 of the Dungeon.
             The game lasted 00:08:58 (4419 turns).

Bnni the Vexing (Spriggan Hexslinger)               Turns: 4419, Time: 00:08:58

Health: -7/40      AC:  3    Str:  4    XL:     8   Next: 6%
Magic:  16/16      EV: 23    Int: 14    God:    Fedhas [......]
Gold:   311        SH:  5    Dex: 20    Spells: 1/17 levels left

rFire   . . .        a - +1 sling
rCold   . . .        (no shield)
rNeg    . . .        c - +0 robe
rPois   .            (helmet restricted)
rElec   .            o - +0 cloak
rCorr   .            (gloves unavailable)
SInv    +            (boots unavailable)
Will    .....        r - amulet of reflection
Stlth   ++           l - +5 ring of evasion
HPRegen 0.26/turn    x - +4 ring of slaying
MPRegen 0.15/turn

%: reflection
@: weak-willed, very quick
A: very small, no large weapons, unfitting armour, see invisible, speed 3
a: Renounce Religion


You were on level 6 of the Dungeon.
You worshipped Fedhas.
Fedhas was noncommittal.
You visited 2 branches of the dungeon, and saw 7 of its levels.

You collected 311 gold pieces.

Inventory:

Hand Weapons
 a - a +1 sling (weapon)
Missiles
 p - 16 poisoned darts
Armour
 c - a +0 robe (worn)
 o - a +0 cloak (worn)
Jewellery
 l - a +5 ring of evasion (left hand)
 r - an amulet of reflection (around neck)
 u - a ring of flight
 x - a +4 ring of slaying (right hand)
Wands
 w - a wand of polymorph (7)
 y - a wand of paralysis (4)
 A - a wand of iceblast (7)
Scrolls
 b - 2 scrolls of poison
 f - 3 scrolls of revelation {unknown}
 h - a scroll of enchant armour {unknown}
 j - a scroll of vulnerability {unknown}
 k - 4 scrolls of teleportation
 m - 3 scrolls of identify {unknown}
 n - a scroll of silence {unknown}
 q - a scroll of enchant weapon {unknown}
 t - a scroll of fear {unknown}
Potions
 d - 4 potions of magic {unknown}
 e - a potion of mutation {unknown}
 g - 5 potions of curing {unknown}
 i - 3 potions of might {unknown}
 s - 2 potions of enlightenment {unknown}
 v - 3 potions of attraction {unknown}
 z - 2 potions of brilliance {unknown}


   Skills:
 + Level 3.3 Fighting
 * Level 6.1 Ranged Weapons
 - Level 2.6 Dodging
 - Level 5.0 Spellcasting
 + Level 6.2 Hexes
 + Level 0.3 Translocations
 - Level 0.7 Fire Magic
 + Level 1.0 Invocations


You had one spell level left.
You knew the following spells:

 Your Spells              Type           Power      Damage    Failure   Level
a - Jinxbite              Hex            42%        N/A       1%          2
b - Inner Flame           Hex/Fire       13%        N/A       13%         3
c - Dimensional Bullseye  Hex/Tloc       6%         N/A       41%         4
d - Cause Fear            Hex            10%        N/A       13%         4
o - Sigil of Binding      Hex            21%        N/A       4%          3

Your spell library contained the following spells:

 Spells                   Type           Power      Damage    Failure   Level
 Poisonous Vapours        Pois/Air       6%         N/A       26%         2
 Static Discharge         Conj/Air       6%         3-4/arc   26%         2
 Ignite Poison            Fire/Tmut/Pois 4%         N/A       43%         3
 Mephitic Cloud           Conj/Pois/Air  3%         N/A       45%         3
 Sticky Flame             Conj/Fire      4%         2d3       83%         4
 Airstrike                Air            1%         2d(1-17)  86%         4
 Summon Lightning Spire   Summ/Air       3%         N/A       86%         4
 Freezing Cloud           Conj/Ice/Air   1%         6-21      99%         5
 Ignition                 Fire           2%         3d3       100%        8


Dungeon Overview and Level Annotations

Branches:
Dungeon (6/15)             Temple (1/1) D:6

Altars:
Ashenzari
Cheibriados
Dithmenos
Elyvilon
Fedhas
Gozag
Kikubaaqudgha
Makhleb
Nemelex Xobeh
Okawaru
Qazlal
Ru
Sif Muna
Trog
Uskayaw
Vehumet
Wu Jian
Xom
Yredelemnul
Zin
The Shining One


Innate Abilities, Weirdness & Mutations

You are very small and have problems with some larger weapons.
You are too small for most types of armour.
You have supernaturally acute eyesight. (SInv)
You cover ground extremely quickly. (Speed+++)


Message History

You shoot a sling bullet.
The sling bullet closely misses the steam dragon.
A giggling sprite leaps out and makes the steam dragon trip over its own talons.
The steam dragon is lightly wounded.
You shoot a sling bullet.
The sling bullet barely misses the steam dragon.
You shoot a sling bullet. The sling bullet hits the steam dragon.
The steam dragon is moderately wounded.
A giggling sprite leaps out and makes the steam dragon trip over its own talons.
The steam dragon is heavily wounded.
You shoot a sling bullet.
The sling bullet barely misses the steam dragon.
A giggling sprite leaps out and smacks the steam dragon with its own front talon.
The steam dragon is heavily wounded.
The jinxing sprites lose interest in you.
You shoot a sling bullet. The sling bullet hits the steam dragon.
The steam dragon is severely wounded.
The steam dragon misses you. The steam dragon closely misses you.
You shoot a sling bullet.
The sling bullet barely misses the steam dragon.
The steam dragon barely misses you. The steam dragon completely misses you.
You shoot a sling bullet. The sling bullet hits the steam dragon.
The steam dragon is severely wounded.
The steam dragon completely misses you. The steam dragon misses you.
The steam dragon breathes steam at you. The ball of steam hits you!
Unknown command.
You are engulfed in a cloud of scalding steam.
Fire: a) +1 sling
Press: ? - help, Shift-Dir - straight line, f/p - steam dragon
Aim: a steam dragon (severely wounded, catching its breath, heavily drained, 69% to hit)
You shoot a sling bullet.
The sling bullet hits the steam dragon but does no damage.
The steam dragon is severely wounded.
The steam dragon seems less drained.
The steam dragon breathes steam at you. The ball of steam hits you!!
Ouch! That really hurt!
You die...
Fedhas appreciates your contribution to the ecosystem.

#.....###.#...........#...
#..##.#...#......#######.#
#.#...#......##..# ..
###.#......##.#....# #.
#......##.#...#.#### #.
#..##.#...#.....#
#.#...#.....##.##
#.#.....#...##.#
#...#######@##.# #####
#§##.# #§##.# #.#D#§##
#.###...# ..# #§###.# #.#
#D## #. #.. # ##.


There were no monsters in sight!

Vanquished Creatures
  2 water moccasins (D:6)
  An ogre (D:5)
  A phantom (D:4)
  A kobold brigand (D:6)
  A scorpion (D:5)
  A howler monkey (D:6)
  A hound (D:6)
  A jelly (D:5)
  3 orc priests
  A sleepcap (D:4)
  Crazy Yiuf (D:2)
  Ijyb (D:5)
  3 iguanas
  2 orc wizards (D:6)
  3 gnolls (D:2)
  3 adders
  2 worms
  3 dart slugs
  11 orcs
  6 bats
  10 endoplasms
  A giant cockroach (D:3)
  7 goblins
  10 hobgoblins
  2 jackals (D:1)
  4 quokkas
  6 ball pythons
  4 frilled lizards
  11 kobolds
  8 rats
111 creatures vanquished.

Notes
Turn   | Place    | Note
-------+----------+-------------------------------------------
     0 | D:1      | Bnni the Spriggan Hexslinger began the quest for the Orb.
     0 | D:1      | Reached XP level 1. HP: 9/9 MP: 3/3
   121 | D:1      | Reached skill level 1 in Fighting
   182 | D:1      | Reached XP level 2. HP: 14/14 MP: 5/5
   185 | D:1      | Learned a level 2 spell: Jinxbite
   668 | D:1      | Found a faded altar of an unknown god.
   781 | D:2      | Reached XP level 3. HP: 18/18 MP: 7/7
   983 | D:2      | Identified the +1 dagger "Moget" {flame, Fragile rC+ Int+4
                  | Dex+2}
  1077 | D:2      | Reached XP level 4. HP: 22/22 MP: 8/8
  1130 | D:2      | Learned a level 4 spell: Cause Fear
  1453 | D:2      | Found a runed translucent door.
  1454 | D:2      | Noticed Crazy Yiuf
  1490 | D:2      | Killed Crazy Yiuf
  1542 | D:2      | Identified the +2 hammer of an ossuary {speed, rPois Int+3}
  2437 | D:4      | Reached XP level 5. HP: 26/26 MP: 7/10
  2602 | D:4      | Noticed a phantom
  2619 | D:4      | Killed a phantom
  2765 | D:4      | Learned a level 3 spell: Sigil of Binding
  2822 | D:4      | Found a shimmering blue altar of Sif Muna.
  2822 | D:4      | Found a snail-covered altar of Cheibriados.
  2823 | D:4      | Found an iron altar of Okawaru.
  2824 | D:4      | Found a sacrificial altar of Ru.
  2830 | D:4      | Found an ornate altar of the Wu Jian Council.
  2830 | D:4      | Found a burning altar of Makhleb.
  2831 | D:4      | Found a white marble altar of Elyvilon.
  2832 | D:4      | Found a glowing golden altar of the Shining One.
  2832 | D:4      | Found an opulent altar of Gozag.
  2833 | D:4      | Found an ancient bone altar of Kikubaaqudgha.
  3094 | D:4      | Reached skill level 5 in Hexes
  3094 | D:4      | Reached XP level 6. HP: 13/30 MP: 12/12
  3174 | D:5      | Entered Level 5 of the Dungeon
  3554 | D:5      | Learned a level 3 spell: Inner Flame
  3623 | D:5      | Reached skill level 5 in Ranged Weapons
  3623 | D:5      | Reached XP level 7. HP: 28/35 MP: 11/14
  3801 | D:5      | Noticed Ijyb
  3808 | D:5      | Killed Ijyb
  4125 | D:6      | Found a staircase to the Ecumenical Temple.
  4134 | Temple   | Entered the Ecumenical Temple
  4151 | Temple   | Became a worshipper of Fedhas Madash
  4189 | D:6      | Found a shimmering altar of Xom.
  4295 | D:6      | Reached skill level 5 in Spellcasting
  4295 | D:6      | Reached XP level 8. HP: 37/40 MP: 13/16
  4300 | D:6      | Learned a level 4 spell: Dimensional Bullseye
  4319 | D:6      | Reached skill level 1 in Invocations
  4419 | D:6      | Killed from afar by a steam dragon

Illustrated notes

Levels and vault maps discovered:
D:1:      dpeg_arrival_leaves_temple_mockup, layout_loops_ring,
          shapermc_ecumenical_altar_acropolis, hangedman_decor_diamond_cutter,
          hangedman_abyss_or_decor_stabs, nicolae_kite_square_tiling_tiny
D:2:      layout_loops_ring, skrybe_limestone_x, uniq_crazy_yiuf_cottage
D:3:      layout_loops_cross, serial_bayou, serial_bayou_shore_a,
          serial_bayou_crossing, serial_bayou_pond_e, serial_bayou_shore_b,
          serial_bayou_lake_a
D:4:      layout_gridville, nicolae_overflows_in_rows, st_stairs_14
D:5:      layout_cave_pools, grunt_ministairs_14, uniq_ijyb
D:6:      layout_loops_ring, xom_teletrap_fun, minmay_temple_entry_purple_smoke,
          hangedman_decor_points, minmay_hedge_maze, grunt_ministairs_1,
          roderic_serpentine_path, minmay_misc_feat_alley,
          small_statue_intersection
Temple:   nicolae_temple_bog_church

Skill      XL: |  1  2  3  4  5  6  7  8 |
---------------+-------------------------+-----
Fighting       | 1 2 3 |  3.3
Spellcasting   | 2 3 4 5 |  5.0
Hexes          | 4 5 6 |  6.2
Ranged Weapons | 3 4 5 6 |  6.1
Invocations    | 1 |  1.0
Dodging        | |  2.6
Translocations | |  0.3
Fire Magic     | |  0.7

Action                     |  1- 3 |  4- 6 |  7- 9 || total
---------------------------+-------+-------+-------++-------
   Fire: Sling             |   117 |   174 |    75 ||   366
   Cast: Jinxbite          |     2 |    14 |     5 ||    21
         Cause Fear        |       |     1 |       ||     1
         Inner Flame       |       |       |     1 ||     1
    Use: Scroll            |       |     1 |       ||     1
 Armour: Robe              |     9 |     9 |     6 ||    24
  Dodge: Dodged            |    36 |    50 |    18 ||   104
  Block: Other             |       |     5 |     1 ||     6
         Reflection        |       |       |     1 ||     1

Table legend: (Time is in decaauts)
 A = Elapsed time spent in this place.
 B = Non-inter-level travel time spent in this place.
 C = Inter-level travel time spent in this place.
 D = Time resting spent in this place.
 E = Time spent auto-exploring this place.
 F = Levels seen in this place.
 G = Mean time per level.
                   A        B        C        D        E       F      G
               +--------+--------+--------+--------+--------+-----+--------+
         Total |   3235 |   3072 |    163 |    131 |   2208 |   7 |  462.1 |
       Dungeon |   3213 |   3069 |    144 |    131 |   2208 |   6 |  535.5 |
        Temple |     21 |      2 |     19 |      0 |      0 |   1 |   21.0 |
               +--------+--------+--------+--------+--------+-----+--------+

Top non-repeatable levels by time:
     D:4: 685 daAuts
     D:2: 588 daAuts
     D:3: 564 daAuts
     D:1: 546 daAuts
     D:5: 505 daAuts
     D:6: 323 daAuts
  Temple: 21 daAuts
